 Dungeon Crawl Stone Soup version 0.27-a0-1277-g3808f8b1c9 (webtiles) character file.

Game seed: 18386420448543045876

18 Glokmah the Shield-Bearer (level 2, 0/24 HPs)
             Began as a Human Fighter on June 12, 2021.
             Succumbed to an adder's poison
             ... on level 3 of the Dungeon.
             The game lasted 00:00:59 (399 turns).

Glokmah the Shield-Bearer (Human Fighter)            Turns: 399, Time: 00:01:00

Health: 0/24       AC:  6    Str: 16    XL:     2   Next: 90%
Magic:  2/2        EV:  7    Int:  8    God:
Gold:   20         SH:  9    Dex: 12    Spells: 1/1 levels left

rFire    . . .     SeeInvis .   a - +0 war axe
rCold    . . .     Faith    .   c - +0 kite shield
rNeg     . . .     Spirit   .   b - +0 scale mail
rPois    .         Reflect  .   (no helmet)
rElec    .         Harm     .   (no cloak)
rCorr    .         Rampage  .   (no gloves)
Will     .....                  (no boots)
Stlth    ..........             (no amulet)
HPRegen  0.08/turn              (no ring)
MPRegen  0.08/turn              (no ring)

@: lethally poisoned (0 -> -4)
A: no striking features
a: no special abilities


You were on level 3 of the Dungeon.
You visited 1 branch of the dungeon, and saw 3 of its levels.

You collected 20 gold pieces.

Inventory:

Hand Weapons
 a - a +0 war axe (weapon)
Armour
 b - a +0 scale mail (worn)
 c - a +0 kite shield (worn)
Potions
 d - a potion of might


   Skills:
 + Level 3.1 Fighting
 * Level 2.4 Axes
 + Level 3.1 Armour
 * Level 3.3 Shields


You had one spell level left.
You didn't know any spells.
Your spell library was empty.

Dungeon Overview and Level Annotations

Branches:
Dungeon (3/15)

Altars:

Annotations:
D:2 Sigmund


Message History

You miss the adder. You closely miss the ball python. You slash the endoplasm!
You kill the endoplasm!
Your shield and scale mail prevent you from hitting the ball python.
You block the ball python's attack. The ball python constricts you.
The ball python closely misses you. The adder bites you but does no damage.
The ball python bites you but does no damage. x2
The ball python constricts you. The adder barely misses you.
Your shield prevents you from hitting the adder.
You closely miss the ball python. You slash the ball python!
You kill the ball python!
The ball python closely misses you. You block the ball python's attack.
The adder bites you but does no damage. You block the ball python's attack. x2
The adder bites you but does no damage.
You hit the adder but do no damage. You closely miss the ball python.
The ball python bites you but does no damage.
You block the ball python's attack. The adder bites you but does no damage.
The adder bites you. The ball python bites you.
You block the ball python's attack.
You closely miss the adder. You hit the ball python.
You kill the ball python!
The adder bites you but does no damage. You block the adder's attack.
You closely miss the adder. The adder bites you but does no damage.
You block the adder's attack. The adder bites you.
You closely miss the adder. The adder bites you.
You are poisoned.
The adder poisons you! The adder bites you but does no damage.
You miss the adder.
You feel sick. You block the adder's attack. x2
You closely miss the adder.
You feel sick. You block the adder's attack.
The adder bites you but does no damage.
You barely miss the adder.
You feel sick. The adder bites you but does no damage.
The adder closely misses you.
You miss the adder.
You feel sick.
You are no longer poisoned.
The adder bites you but does no damage. The adder bites you.
* * * LOW HITPOINT WARNING * * *
You are lethally poisoned!
The adder poisons you!
Okay, then.
You closely miss the adder.
You die...

# #. #..
..... ......
(....)######
.......@...#
.......S...#
...........#
...........#
#...#......#
#...#......#
#.. #......#
## #......#
###..###


You could see an adder.

Vanquished Creatures
  2 ball pythons (D:3)
  5 endoplasms
  3 giant cockroaches
  2 hobgoblins (D:2)
  A kobold (D:3)
  A bat (D:2)
14 creatures vanquished.

Vanquished Creatures (others)
  3 plants (D:3)
3 creatures vanquished.

Grand Total: 17 creatures vanquished

Notes
Turn   | Place    | Note
-------+----------+-------------------------------------------
     0 | D:1      | Glokmah the Human Fighter began the quest for the Orb.
     0 | D:1      | Reached XP level 1. HP: 18/18 MP: 1/1
   114 | D:1      | Reached XP level 2. HP: 15/24 MP: 2/2
   115 | D:1      | You fall into a shaft and drop 1 floor!
   248 | D:2      | Noticed Sigmund
   399 | D:3      | Succumbed to an adder's poison

Illustrated notes

Levels and vault maps discovered:
D:1:      ncdulo_halloftheorcs, layout_basic, serial_shops, nicolae_shop_trees,
          dilly_ecumenical_altar_fadedgnrine
D:2:      layout_rooms, kennysheep_cross_room, uniq_sigmund,
          uniq_crazy_yiuf_cottage
D:3:      layout_basic, minmay_shallow_snake_nest, uniq_jessica, uniq_grinder

Action                   || total
-------------------------++-------
Melee: War axe           ||    42
  Use: Scroll            ||     1
Armor: Scale mail        ||    32
Dodge: Dodged            ||    13
Block: Kite shield       ||    25

Table legend: (Time is in decaauts)
 A = Elapsed time spent in this place.
 B = Non-inter-level travel time spent in this place.
 C = Inter-level travel time spent in this place.
 D = Time resting spent in this place.
 E = Time spent auto-exploring this place.
 F = Levels seen in this place.
 G = Mean time per level.
                   A        B        C        D        E       F      G
               +--------+--------+--------+--------+--------+-----+--------+
         Total |    423 |    423 |      0 |    176 |     81 |   3 |  141.0 |
       Dungeon |    423 |    423 |      0 |    176 |     81 |   3 |  141.0 |
               +--------+--------+--------+--------+--------+-----+--------+

Top non-repeatable levels by time:
     D:2: 169 daAuts
     D:3: 129 daAuts
     D:1: 125 daAuts
